 Dungeon Crawl Stone Soup version 0.30.1-3-gfc49f6343a (webtiles) character file.

Game seed: 7957877176979153347

42 cheesebisquit the Shield-Bearer (level 3, -5/36 HPs)
             Began as a Troll Fighter on July 18, 2023.
             Killed from afar by Grinder (19 damage)
             ... with a bolt of light
             ... on level 3 of the Dungeon.
             The game lasted 00:04:47 (1443 turns).

cheesebisquit the Shield-Bearer (Troll Fighter)     Turns: 1443, Time: 00:04:48

Health: -5/36      AC:  4    Str: 24    XL:     3   Next: 35%
Magic:  2/2        EV:  9    Int:  6    God:
Gold:   79         SH:  0    Dex: 15    Spells: 2/2 levels left

rFire   . .          .
                       - Unarmed
rCold   . . .        b - +0 kite shield
rNeg    . . .        a - +0 robe
rPois   .            (helmet restricted)
rElec   .            (no cloak)
rCorr   .            (gloves unavailable)
SInv    +            (boots unavailable)
Will    .....        (no amulet)
Stlth   +            d - +6 ring of dexterity
HPRegen 1.06/turn    h - ring of see invisible
MPRegen 0.08/turn

%: no passive effects
@: confused, mighty
A: large, unfitting armour, claws 3, regeneration 1, shaggy fur 1, tough skin 1
a: no special abilities


You were on level 3 of the Dungeon.
You visited 1 branch of the dungeon, and saw 3 of its levels.

You collected 79 gold pieces.

Inventory:

Missiles
 j - 5 poisoned darts (quivered)
Armour
 a - a +0 robe (worn)
 b - a +0 kite shield (worn)
Jewellery
 d - a +6 ring of dexterity (left claw)
 h - a ring of see invisible (right claw)
Scrolls
 f - a scroll of acquirement {unknown}
 g - 7 scrolls of identify {unknown}
 i - a scroll of vulnerability {unknown}
 l - a scroll of amnesia {unknown}
 m - 2 scrolls of magic mapping {unknown}
 q - a scroll of torment {unknown}
Potions
 c - 2 potions of might
 e - 3 potions of attraction {unknown}
 k - a potion of cancellation {unknown}
 n - 2 potions of brilliance {unknown}
 o - 2 potions of degeneration {unknown}
 p - a potion of lignification {unknown}


   Skills:
 + Level 2.7 Fighting
 - Level 2.4 Dodging
 + Level 3.0 Shields
 * Level 3.0 Unarmed Combat


You had 2 spell levels left.
You didn't know any spells.
Your spell library contained the following spells:

 Spells                   Type           Power      Damage    Failure   Level
 Apportation              Tloc           0%         N/A       73%         1
 Kiss of Death            Conj/Necr      0%         2d5       73%         1
 Blink                    Tloc           0%         N/A       86%         2
 Lesser Beckoning         Tloc           0%         N/A       86%         2
 Momentum Strike          Conj/Tloc      0%         3d8       86%         2
 Static Discharge         Conj/Air       0%         2-2/arc   86%         2
 Confusing Touch          Hex            0%         N/A       97%         3
 Airstrike                Air            0%         2d(0-16)  100%        4
 Dispel Undead            Necr           0%         3d6       100%        4
 Summon Lightning Spire   Summ/Air       0%         N/A       100%        4
 Alistair's Intoxication  Tmut/Pois      0%         N/A       100%        5


Dungeon Overview and Level Annotations

Branches:
Dungeon (3/15)

Altars:

Shops:
D:1 (

Annotations:
D:3 Grinder


Innate Abilities, Weirdness & Mutations

You are too large for most types of armour.
You have claws for hands.
Your natural rate of healing is unusually fast.
You are covered in fur. (AC +1)
You have tough skin. (AC +1)


Message History

No target in view!
No target in view!
No target in view!
Grinder comes into view.
She is carrying a wand of light (4).
You throw a poisoned dart. The poisoned dart hits Grinder.
Grinder shouts!
You throw a poisoned dart.
The poisoned dart closely misses Grinder.
Grinder grins, showing sharp teeth.
You throw a poisoned dart.
The poisoned dart closely misses Grinder.
Grinder gestures at you.
You barely resist. You throw a poisoned dart. The poisoned dart hits Grinder.
Grinder gestures at you.
You suddenly lose the ability to move!
You can move again.
You throw a poisoned dart. The poisoned dart hits Grinder.
You throw a poisoned dart.
The poisoned dart closely misses Grinder.
You completely miss Grinder. Grinder gestures at you.
Pain shoots through your body!
You scratch Grinder.
Grinder is lightly wounded.
Grinder hits you.
You writhe in agony.
Grinder gestures at you.
You suddenly lose the ability to move!
Grinder hits you but does no damage.
Grinder says, "My boss said I was rubbish.
His entrails said otherwise."
Grinder hits you.
You writhe in agony.
You can move again.
You feel very mighty all of a sudden. Grinder hits you!
You mangle Grinder!!
Grinder is heavily wounded.
Grinder zaps a wand.
The bolt of light hits you!!
You are confused.
Ouch! That really hurt!
You die...

.. ##(. #.###.#
###((.#
...#..##.(...
#.?...#...#
#..#.#(.# ##
#......####...
#...5.......#
####..@#....#
#######.........#
...........#.##..#
#######.##.#.# #.#
##.##...# .#
##..####.# # #..##
#.# #.## #.#
#########.# ###


You could see Grinder.

Vanquished Creatures
  An adder (D:2)
  A worm (D:2)
  3 dart slugs
  5 endoplasms
  3 giant cockroaches
  2 goblins (D:1)
  A quokka (D:1)
  2 bats (D:1)
  A frilled lizard (D:1)
  2 kobolds (D:1)
  3 rats (D:1)
24 creatures vanquished.

Notes
Turn   | Place    | Note
-------+----------+-------------------------------------------
     0 | D:1      | cheesebisquit the Troll Fighter began the quest for the
                  | Orb.
     0 | D:1      | Reached XP level 1. HP: 22/22 MP: 0/0
    81 | D:1      | Reached XP level 2. HP: 20/29 MP: 1/1
   241 | D:1      | Found Pohoric's Weapon Emporium.
   992 | D:2      | Reached XP level 3. HP: 36/36 MP: 2/2
  1429 | D:3      | Noticed Grinder
  1433 | D:3      | Paralysed by Grinder for 3 turns
  1439 | D:3      | Paralysed by Grinder for 3 turns
  1443 | D:3      | Killed from afar by Grinder

Illustrated notes

Levels and vault maps discovered:
D:1:      eino_arrival_water_star, layout_loops_ring, serial_shops, shop,
          serial_bayou, serial_bayou_pond_b, serial_bayou_ford_a,
          serial_bayou_lagoon_b, serial_bayou_pond_b, dk_noncrumbling_2,
          minmay_unequal
D:2:      layout_loops_ring
D:3:      layout_rooms, uniq_sigmund, uniq_grinder

Skill      XL: |  1  2 |
---------------+-------+-----
Shields        | 3 |  3.0
Unarmed Combat | 3 |  3.0
Fighting       | |  2.7
Dodging        | |  2.4

Action                     || total
---------------------------++-------
  Melee: Unarmed           ||    74
  Throw: Dart              ||     6
    Use: Potion            ||     1
   Stab: Sleeping          ||     1
 Armour: Robe              ||    18
  Dodge: Dodged            ||    17
  Block: Kite shield       ||    20
